 Dungeon Crawl Stone Soup version 0.24-a0-497-g5a03d68f59 (webtiles) character file.

Game seed: 8346012046231128779

41822 Azzok the Geomancer (level 13, -16/79 HPs)
             Began as a Vampire Earth Elementalist on July 12, 2019.
             Was a High Priest of Vehumet.
             Demolished by a dream sheep (23 damage)
             ... on level 4 of the Lair of Beasts on July 13, 2019.
             The game lasted 00:41:01 (23348 turns).

Azzok the Geomancer (Vampire Earth Elementalist)   Turns: 23348, Time: 00:41:02

Health: -16/79     AC:  4    Str:  7    XL:     13   Next: 82%
Magic:  30/44      EV: 13    Int: 30    God:    Vehumet [*****.]
Gold:   864        SH:  0    Dex: 15    Spells: 17/36 levels left

rFire    + . .     SeeInvis +   E - staff of power
rCold    + . .     Gourm    .   u - +0 buckler
rNeg     + . .     Faith    .   F - +0 robe {rC+ rF+}
rPois    .         Spirit   .   i - +0 helmet "Tiovva" {rN+ rCorr}
rElec    .         Reflect  .   h - scarf {repulsion}
rCorr    +         Harm     .   C - +0 pair of gloves
MR       +....                  (no boots)
Stlth    ++........             (no amulet)
HPRegen  0.43/turn              m - +5 ring of intelligence
MPRegen  0.29/turn              t - +3 ring of intelligence

@: about to teleport, sleeping, regenerating quickly, repel missiles
A: no food, fangs 3, see invisible, unbreathing
a: Exsanguinate, Renounce Religion


You were on level 4 of the Lair of Beasts.
You worshipped Vehumet.
Vehumet was extremely pleased with you.
You were alive.

You visited 3 branches of the dungeon, and saw 18 of its levels.
You also visited: Sewer and Ice Cave.

You collected 1260 gold pieces.
You spent 396 gold pieces at shops.

Inventory:

Missiles
 b - 270 stones (quivered)
Armour
 h - a scarf of repulsion (worn)
 i - the +0 helmet "Tiovva" (worn) {rN+ rCorr}
   (You took it off Robin on level 2 of the Dungeon)

   It protects you from negative energy.
   It provides partial protection from all sources of acid and corrosion.
 u - a +0 buckler (worn)
 C - a +0 pair of gloves (worn)
 F - a +0 robe of resistance (worn)
 H - a scarf of resistance
Magical Staves
 n - an uncursed staff of poison
 E - an uncursed staff of power (weapon)
Jewellery
 m - a +5 ring of intelligence (left hand)
 t - a +3 ring of intelligence (right hand)
 y - an uncursed ring of protection from magic
Wands
 g - a wand of acid (8)
 r - a wand of digging (8)
Scrolls
 a - 12 scrolls of identify
 d - 12 scrolls of teleportation
 e - 2 scrolls of fear
 f - 7 scrolls of remove curse
 l - 2 scrolls of summoning
 q - 2 scrolls of enchant armour
 s - a scroll of magic mapping
 z - 3 scrolls of fog
 D - a scroll of blinking
 G - a scroll of vulnerability {unknown}
 I - 6 scrolls of amnesia {unknown}
 L - a scroll of acquirement {unknown}
Potions
 c - 4 potions of brilliance
 j - 2 potions of flight
 k - 8 potions of curing
 o - 2 potions of invisibility
 p - 4 potions of might
 v - a potion of magic
 w - a potion of resistance
 x - a potion of cancellation
 A - 4 potions of mutation {!q}
 B - a potion of lignification
 J - a potion of berserk rage {unknown}
 K - 3 potions of heal wounds


   Skills:
 - Level 2.1 Dodging
 - Level 3.0 Stealth
 - Level 4.0 Shields
 + Level 12.1 Spellcasting
 + Level 9.4 Conjurations
 - Level 5.1 Necromancy
   Level 1.1 Transmutations
 + Level 13.2 Earth Magic
 + Level 6.7 Evocations


You had 17 spell levels left.
You knew the following spells:

 Your Spells              Type           Power        Failure   Level  Hunger
a - Sandblast             Erth           ######       0%          1    N/A
b - Stone Arrow           Conj/Erth      ######       1%          3    N/A
c - Borgnjor's Vile Clut  Necr/Erth      ######....   1%          5    N/A
d - Lee's Rapid Deconstr  Erth           #######...   1%          5    N/A
e - Bolt of Magma         Conj/Fire/Erth ######....   1%          5    N/A

Your spell library contained the following spells:

 Spells                   Type           Power        Failure   Level  Hunger
 Passwall                 Tmut/Erth      ######..     1%          2    N/A
 Petrify                  Tmut/Erth      ######..     1%          4    N/A
 Ensorcelled Hibernation  Hex/Ice        ###...       4%          2    N/A
 Silence                  Hex/Air        ###.......   61%         5    N/A
 Darkness                 Hex            ###.......   99%         6    N/A
 Shadow Creatures         Summ           N/A          99%         6    N/A

Dungeon Overview and Level Annotations

Branches:
Dungeon (12/15)            Temple (1/1) D:6            Lair (5/6) D:9
 Shoals (0/4) Lair:3        Snake (0/4) Lair:2          Orc (0/2) D:10
  Slime: Lair:5-6

Altars:
Ashenzari
Cheibriados
Dithmenos
Elyvilon
Fedhas
Gozag
Hepliaklqana
Kikubaaqudgha
Makhleb
Nemelex Xobeh
Okawaru
Qazlal
Ru
Sif Muna
Trog
Uskayaw
Vehumet
Wu Jian
Xom
Yredelemnul
Zin
The Shining One

Shops:
D:10 [   D:11 ?(?}

Portals:
Trove: D:11 (give 3 potions of resistance)

Annotations:
D:4 3 runed translucent doors, forest's ghost, amateur SpAs


Innate Abilities, Weirdness & Mutations

You do not eat.
Your natural rate of healing is unusually fast.
You have razor-sharp teeth.
You have supernaturally acute eyesight. (SInv)
You can survive without breathing.


Message History

You block the eight-headed hydra's attack.
The eight-headed hydra bites you.
* * * LOW HITPOINT WARNING * * *
You block the eight-headed hydra's attack.
The eight-headed hydra closely misses you.
The eight-headed hydra bites you!
* * * LOW HITPOINT WARNING * * *
The eight-headed hydra closely misses you.
The eight-headed hydra misses you.
The eight-headed hydra barely misses you.
Your surroundings seem slightly different.
Found 23 gold pieces.
As you read the scroll of teleportation, it crumbles to dust.
You feel strangely unstable.
The dream sheep shake their wool and sparkle.
You feel drowsy...
You fall asleep.
The dream sheep barely misses you.
The dream sheep bites something but does no damage.
The dream sheep closely misses you. The dream sheep bites you!!
You die...

▒▒ ·····▒▒▒▒
·······▒·▒▒▒▒
········▒···▒▒▒
··············▒▒ ·▒·▒··
▒·······▒
·····P▒▒····/·▒▒▒▒▒
········Y·········▒
·······@Y▒(·DP▒···▒▒▒
····$··Y▒D··········▒
····
·▒▒···▒▒Y·····>····P▒
▒▒···
▒··▒··▒·PP···········▒
P···
···▒·······▒▒·▒▒▒·····▒
···▒···▒▒·▒····▒▒▒▒
▒····· ▒▒·····▒ ▒····▒
%···· ▒······▒▒ ·†···▒
···· ··P▒·······▒ ···
···


You could see an eight-headed hydra and 4 dream sheep.

Vanquished Creatures
  Harold (D:8)
  7 hydras
  Erica (D:9)
  3 two-headed ogres
  5 death yaks (Lair:2)
  An unseen horror (D:12)
  5 skeletal warriors (D:12)
  A necromancer (IceCv)
  A cyclops (D:11)
  A black mamba (Lair:2)
  7 spiny frogs
  3 ice statues (IceCv)
  2 rime drakes
  2 komodo dragons
  12 ice devils
  9 blink frogs
  4 slime creatures (D:12)
  Grinder (D:3)
  7 hippogriffs
  6 dream sheep (Lair:4)
  A spriggan (D:7)
  A water elemental (D:11)
  A wraith (D:12)
  A wyvern (D:10)
  29 yaks
  4 basilisks
  Edmund (D:4)
  5 water moccasins
  2 acid dragons (D:12)
  2 porcupines
  4 orc warriors
  3 sky beasts
  Duvessa (D:7)
  Purgy (Sewer)
  2 ice beasts
  2 black bears
  3 phantoms
  7 ogres
  4 necrophages
  5 centaurs
  5 crocodiles
  Blork the orc (D:4)
  12 bullfrogs
  A gnoll sergeant (D:11)
  2 wyvern skeletons
  Dowan (D:7)
  3 scorpions
  2 killer bees (D:10)
  9 wights
  5 electric eels
  9 crimson imps
  2 bullfrog zombies (D:11)
  A quasit (D:10)
  4 bullfrog skeletons
  A draconian simulacrum (IceCv)
  8 hounds
  3 jellies
  5 centaur skeletons
  5 orc priests
  2 gnoll shamans (D:7)
  Jessica (D:3)
  3 iguanas
  10 orc wizards
  7 worker ants
  3 spriggan simulacra (IceCv)
  Terence (D:1)
  2 troll simulacra (IceCv)
  A centaur simulacrum (IceCv)
  A human simulacrum (D:9)
  3 hound zombies
  A howler monkey zombie (D:11)
  Robin (D:2)
  13 gnolls
  A worker ant zombie (D:6)
  19 adders
  3 naga simulacra (IceCv)
  8 river rats
  2 shadow imps
  2 oozes
  2 adder zombies
  4 worms
  7 leopard geckos
  49 orcs
  5 giant cockroaches
  14 goblins
  7 hobgoblins
  19 jackals
  11 quokkas
  2 ball pythons
  10 bats
  13 frilled lizards
  A jackal skeleton (D:6)
  A jackal zombie (D:7)
  3 kobolds
  A leopard gecko skeleton (D:5)
  A leopard gecko zombie (D:6)
  29 rats
  3 fungi
  A plant (Lair:3)
504 creatures vanquished.

Vanquished Creatures (others)
  A human simulacrum (D:9)
  A leopard gecko (D:9)
  A quokka skeleton (D:9)
  5 fungi
  3 plants
11 creatures vanquished.

Grand Total: 515 creatures vanquished

Notes
Turn   | Place    | Note
-------+----------+-------------------------------------------
     0 | D:1      | Azzok the Vampire Earth Elementalist began the quest for
                  | the Orb.
     0 | D:1      | Reached XP level 1. HP: 13/13 MP: 3/3
   336 | D:1      | Reached XP level 2. HP: 19/19 MP: 3/5
  1344 | D:2      | Reached XP level 3. HP: 24/24 MP: 2/7
  1473 | D:2      | Identified the cursed +0 helmet "Tiovva" {rN+ rCorr}
  1473 | D:2      | Noticed Robin
  1485 | D:2      | Killed Robin
  1505 | D:2      | Reached skill level 4 in Earth Magic
  1547 | D:1      | Reached XP level 4. HP: 5/30 MP: 0/8
  1716 | D:2      | Found a glowing silver altar of Zin.
  1724 | D:2      | Noticed Terence
  1782 | D:1      | Killed Terence
  1951 | D:2      | Found an opulent altar of Gozag.
  2075 | D:2      | Found a deep blue altar of Sif Muna.
  2077 | D:2      | Found a shimmering altar of Xom.
  2077 | D:2      | Found a burning altar of Makhleb.
  2079 | D:2      | Found a burning altar of Makhleb.
  2079 | D:2      | Found a shadowy altar of Dithmenos.
  2079 | D:2      | Found a bloodstained altar of Trog.
  2358 | D:3      | Noticed Grinder
  2361 | D:3      | Paralysed by Grinder for 2 turns
  2369 | D:3      | Killed Grinder
  2369 | D:3      | Reached skill level 5 in Earth Magic
  2369 | D:3      | Reached XP level 5. HP: 35/35 MP: 7/11
  2369 | D:3      | Reached XP level 6. HP: 41/41 MP: 7/12
  2607 | D:3      | Noticed Jessica
  2609 | D:3      | Killed Jessica
  3233 | D:4      | Learned a level 3 spell: Stone Arrow
  3239 | D:4      | Learned a level 5 spell: Lee's Rapid Deconstruction
  3319 | D:4      | Noticed Edmund
  3346 | D:4      | Killed Edmund
  3346 | D:4      | Reached skill level 5 in Spellcasting
  3346 | D:4      | Reached skill level 6 in Earth Magic
  3346 | D:4      | Reached XP level 7. HP: 32/46 MP: 0/14
  3773 | D:4      | Found a runed translucent gate.
  3773 | D:4      | Found a runed translucent gate.
  3773 | D:4      | Found a runed translucent gate.
  4119 | D:4      | Noticed Blork the orc
  4138 | D:4      | Killed Blork the orc
  4138 | D:4      | Reached skill level 1 in Conjurations
  4472 | D:4      | Noticed forest's ghost (amateur SpAs)
  4620 | D:5      | Entered Level 5 of the Dungeon
  5018 | D:5      | Reached XP level 8. HP: 52/52 MP: 3/17
  5206 | D:5      | Reached skill level 7 in Earth Magic
  5440 | D:5      | Found a sparkling altar of Nemelex Xobeh.
  5813 | D:5      | Found a sparkling altar of Nemelex Xobeh.
  5969 | D:6      | Found a glowing drain.
  6002 | Sewer    | Entered a sewer
  6148 | Sewer    | Noticed Purgy
  6150 | Sewer    | Killed Purgy
  6879 | D:6      | Reached skill level 8 in Earth Magic
  7019 | D:6      | Reached XP level 9. HP: 25/57 MP: 2/19
  7724 | D:6      | Found a staircase to the Ecumenical Temple.
  7731 | Temple   | Entered the Ecumenical Temple
  7896 | Temple   | Became a worshipper of Vehumet
  8649 | D:6      | Reached * piety under Vehumet
  8649 | D:6      | Offered knowledge of Freeze by Vehumet.
  9749 | D:7      | Reached skill level 9 in Earth Magic
 10006 | D:7      | Noticed Duvessa
 10008 | D:7      | Killed Duvessa
 10009 | D:7      | Noticed Dowan
 10010 | D:7      | Killed Dowan
 10147 | D:7      | Reached skill level 1 in Shields
 10147 | D:7      | Reached skill level 5 in Conjurations
 10301 | D:7      | Found a bloodstained altar of Trog.
 10661 | D:8      | Reached XP level 10. HP: 63/63 MP: 4/22
 11045 | D:8      | Reached ** piety under Vehumet
 11045 | D:8      | Offered knowledge of Magic Dart by Vehumet.
 11250 | D:8      | Found a blossoming altar of Fedhas.
 11296 | D:8      | Noticed an eight-headed hydra
 11308 | D:8      | Killed an eight-headed hydra
 11551 | D:8      | Noticed Harold
 11568 | D:8      | Killed Harold
 11772 | D:9      | Noticed Erica
 11774 | D:9      | Killed Erica
 11774 | D:9      | Reached skill level 10 in Earth Magic
 12446 | D:9      | Found a hazy altar of Hepliaklqana.
 12475 | D:9      | Noticed a death yak
 12722 | D:9      | Found a snail-covered altar of Cheibriados.
 12946 | D:9      | Found a staircase to the Lair.
 13018 | D:9      | Offered knowledge of Static Discharge by Vehumet.
 13334 | D:9      | Found a sacrificial altar of Ru.
 13552 | D:9      | Learned a level 5 spell: Borgnjor's Vile Clutch
 13596 | D:10     | Entered Level 10 of the Dungeon
 13765 | D:10     | Found a hazy altar of Hepliaklqana.
 13887 | D:10     | Found a staircase to the Orcish Mines.
 13893 | D:10     | Reached XP level 11. HP: 68/68 MP: 15/24
 13963 | D:10     | Reached skill level 1 in Necromancy
 14137 | D:10     | Noticed a two-headed ogre
 14142 | D:10     | Killed a two-headed ogre
 14250 | D:10     | Reached *** piety under Vehumet
 14470 | D:10     | Noticed a six-headed hydra
 14478 | D:10     | Killed a six-headed hydra
 15184 | D:10     | You fall into a shaft and drop 2 floors!
 15289 | D:12     | Offered knowledge of Airstrike by Vehumet.
 15599 | D:12     | Noticed a skeletal warrior
 15650 | D:12     | Noticed a skeletal warrior
 15650 | D:12     | Noticed a skeletal warrior
 15650 | D:12     | Noticed a skeletal warrior
 15650 | D:12     | Noticed a skeletal warrior
 15653 | D:12     | Noticed an unseen horror
 15656 | D:12     | Killed a skeletal warrior
 15656 | D:12     | Reached skill level 10 in Spellcasting
 15656 | D:12     | Killed a skeletal warrior
 15656 | D:12     | Reached skill level 11 in Earth Magic
 15656 | D:12     | Noticed a four-headed hydra
 15657 | D:12     | Killed a skeletal warrior
 15660 | D:12     | Killed a skeletal warrior
 15660 | D:12     | Killed a four-headed hydra
 15660 | D:12     | Reached skill level 5 in Necromancy
 15817 | D:12     | Killed a skeletal warrior
 15986 | D:11     | Found Veijo's Magic Scroll Shop.
 15988 | D:11     | Found Kigod's Gadget Shoppe.
 16005 | D:11     | Bought a scroll of teleportation for 48 gold pieces
 16005 | D:11     | Bought a scroll of identify for 32 gold pieces
 16005 | D:11     | Bought a scroll of identify for 32 gold pieces
 16005 | D:11     | Bought a scroll of teleportation for 48 gold pieces
 16005 | D:11     | Bought a scroll of magic mapping for 56 gold pieces
 16005 | D:11     | Bought 3 scrolls of identify for 96 gold pieces
 16096 | D:11     | Found a portal to a secret trove of treasure.
 16259 | D:11     | Reached **** piety under Vehumet
 16307 | D:11     | Found Igaoqac's Antique Weapon Boutique.
 16397 | D:10     | Found Gukkef's Antique Armour Shop.
 16669 | D:11     | Reached XP level 12. HP: 74/74 MP: 20/26
 16969 | D:11     | Offered knowledge of Conjure Flame by Vehumet.
 16969 | D:11     | Reached skill level 1 in Evocations
 17208 | D:11     | Found Kenett's Magic Scroll Boutique.
 17214 | D:11     | Bought a scroll of teleportation for 42 gold pieces
 17214 | D:11     | Bought a scroll of teleportation for 42 gold pieces
 18027 | D:12     | Noticed a two-headed ogre
 18037 | D:12     | Killed a two-headed ogre
 18196 | D:12     | Noticed a seven-headed hydra
 18198 | D:12     | Noticed a two-headed ogre
 18199 | D:12     | Killed a seven-headed hydra
 18208 | D:12     | Killed a two-headed ogre
 18514 | Lair:1   | Entered Level 1 of the Lair of Beasts
 18803 | Lair:1   | Reached skill level 12 in Earth Magic
 19115 | Lair:1   | Noticed an eight-headed hydra
 19189 | Lair:1   | Killed an eight-headed hydra
 19393 | Lair:2   | Noticed an eight-headed hydra
 19397 | Lair:2   | Killed an eight-headed hydra
 19427 | Lair:2   | Noticed a seven-headed hydra
 19432 | Lair:2   | Killed a seven-headed hydra
 19826 | Lair:2   | Found a staircase to the Snake Pit.
 19975 | Lair:2   | Noticed a death yak
 19977 | Lair:2   | Noticed a death yak
 19981 | Lair:2   | Noticed a death yak
 19982 | Lair:2   | Noticed a death yak
 19982 | Lair:2   | Noticed a death yak
 19997 | Lair:2   | Killed a death yak
 19997 | Lair:2   | Reached XP level 13. HP: 79/79 MP: 17/28
 20008 | Lair:2   | Reached skill level 5 in Evocations
 20788 | Lair:3   | Upgraded the game from 0.24-a0-493-g7e4ddcd485 to
                  | 0.24-a0-497-g5a03d68f59
 20814 | Lair:3   | Found a frozen archway.
 20849 | IceCv    | Entered an ice cave
 21396 | IceCv    | Reached ***** piety under Vehumet
 21399 | IceCv    | Offered knowledge of Bolt of Magma by Vehumet.
 21434 | IceCv    | Learned a level 5 spell: Bolt of Magma
 22132 | Lair:3   | Reached skill level 13 in Earth Magic
 22303 | Lair:3   | Found a staircase to the Shoals.
 23072 | Lair:4   | You fall into a shaft and drop 1 floor!
 23348 | Lair:4   | Demolished by a dream sheep

Levels and vault maps discovered:
D:1:      dpeg_arrival_round_a, layout_basic, serial_aquarium,
          aquarium_bridge_straight [aquarium_subvault_bridge,
          aquarium_subvault_window, aquarium_subvault_bridge,
          aquarium_subvault_window], aquarium_window_fake, aquarium_window_2,
          aquarium_view_2c, st_stairs_11, minmay_split_cup_small
D:2:      layout_rooms, overflow_temple_1_default,
          nicolae_gozag_cash_rules_everything_around_me, doesnt_xom_only_xom,
          first_ration, uniq_robin, uniq_terence
D:3:      layout_basic, serial_bayou_pond_c, uniq_jessica, uniq_grinder
D:4:      cheibrodos_quashed, layout_gridville, ebering_ghost_rock_garden,
          kennysheep_generic_room_15, uniq_blork_the_orc, uniq_edmund
D:5:      layout_layer_cave, nemelex_xobeh_ov_fountains_minmay,
          nemelex_dance_club_becter
D:6:      lemuel_ratsnest, layout_rooms, minmay_temple_entry_tees,
          gup_sewer_entry_spiral, minmay_joined_circles
D:7:      layout_basic, lightli_temple_of_fire, the_bakery, uniq_duvessa
D:8:      layout_gridville, fedhas_altar_fruit_tree, uniq_harold
D:9:      layout_loops_ring, lemuel_round_altar, kennysheep_little_box,
          nicolae_ru_path_of_blood, dpeg_lair_monsters, bh_circular_ruins,
          uniq_erica
D:10:     hangedman_cross_cluster, layout_gridville, serial_shops,
          nicolae_shop_stone
D:11:     layout_basic, serial_shops, shop, shop_scrolls, shop,
          nicolae_shop_temple_entry_statues_fountains,
          nicolae_trove_entry_columns, nicolae_water_bricks
D:12:     layout_basic, minmay_increasing_density
Temple:   oiseaux_autumnal_temple
Lair:1:   layout_roguey
Lair:2:   layout_regular_city, dummy_snake_entry
Lair:3:   layout_chaotic_city, elwin_shoals_entry_rocks,
          portal_ice_cave_demonic_guard, infiniplex_staircase_pool,
          lemuel_fruit_tree
Lair:4:   layout_misc_corridors
Lair:5:   layout_loops_ring, gammafunk_ghost_arena,
          chequers_serial_rivers_small_a

Skill      XL: |  1  2  3  4  5  6  7  8  9 10 11 12 13 |
---------------+----------------------------------------+-----
Spellcasting   | 3 4 5 6 7 8 9 10 11 12 | 12.1
Earth Magic    | 4 5 6 8 9 10 11 12 13 | 13.2
Conjurations   | 2 3 5 6 7 8 9 |  9.4
Shields        | 1 4 |  4.0
Necromancy     | 5 |  5.1
Evocations     | 4 6 |  6.7
Dodging        | |  2.1
Stealth        | |  3.0
Transmutations | |  1.1

Action                   |  1- 3 |  4- 6 |  7- 9 | 10-12 | 13-15 || total
-------------------------+-------+-------+-------+-------+-------++-------
Melee: Unarmed           |    14 |     1 |       |       |       ||    15
       Bite              |     1 |       |     1 |       |       ||     2
       Staff             |       |       |     2 |     1 |       ||     3
 Cast: Sandblast         |    48 |    84 |    40 |    39 |    19 ||   230
       Stone Arrow       |       |     4 |   162 |   164 |    64 ||   394
       Lee's Rapid Decon |       |       |    27 |    90 |    28 ||   145
       Borgnjor's Vile C |       |       |       |    41 |    49 ||    90
       Bolt of Magma     |       |       |       |       |     2 ||     2
Evoke: Wand              |       |     1 |       |       |       ||     1
  Use: Potion            |     2 |       |       |       |       ||     2
       Scroll            |       |       |    18 |     6 |     3 ||    27
Armor: Robe              |     5 |    11 |     8 |     3 |     4 ||    31
Dodge: Dodged            |    22 |    31 |    22 |    27 |    23 ||   125
       Deflected         |       |     1 |     1 |     3 |       ||     5
Block: Buckler           |       |       |       |    11 |    11 ||    22

Table legend:
 A = Non-vault XP
 B = Vault XP
 C = Vault XP percentage of total XP
 D = Non-vault monster count
 E = Vault monster count
 F = Vault count percentage of total count
                 A         B        C        D         E       F
            +---------+---------+-------+---------+---------+-------
      Total |   42679 |   17067 |  28.6 |     351 |     149 |  29.8
            +---------+---------+-------+---------+---------+-------
        D:1 |      29 |      52 |  64.2 |      13 |       9 |  40.9
        D:2 |      41 |      33 |  44.6 |      18 |      11 |  37.9
        D:3 |      68 |     291 |  81.1 |      24 |       2 |   7.7
        D:4 |     493 |     257 |  34.3 |      23 |       2 |   8.0
        D:5 |     344 |     125 |  26.7 |      15 |       2 |  11.8
        D:6 |    1029 |     978 |  48.7 |      26 |      52 |  66.7
        D:7 |     967 |     443 |  31.4 |      32 |       3 |   8.6
        D:8 |    1496 |     987 |  39.8 |      15 |       1 |   6.2
        D:9 |    1451 |    1104 |  43.2 |      29 |       6 |  17.1
       D:10 |    1331 |    3364 |  71.7 |      18 |      19 |  51.4
       D:11 |    1957 |       0 |   0.0 |      28 |       0 |   0.0
       D:12 |    8173 |    3018 |  27.0 |      22 |       7 |  24.1
     Lair:1 |    4435 |       0 |   0.0 |      16 |       0 |   0.0
     Lair:2 |    9469 |       0 |   0.0 |      22 |       0 |   0.0
     Lair:3 |    6867 |     692 |   9.2 |      29 |       2 |   6.5
     Lair:4 |    3627 |       0 |   0.0 |      17 |       0 |   0.0
     Lair:5 |     902 |       0 |   0.0 |       4 |       0 |   0.0
      Sewer |       0 |     148 | 100.0 |       0 |       9 | 100.0
      IceCv |       0 |    5575 | 100.0 |       0 |      24 | 100.0
            +---------+---------+-------+---------+---------+-------
